 Dungeon Crawl Stone Soup version 0.29-a0-473-gacb4ef3bc5 (webtiles) character file.

Game seed: 1921936812436742205

25 CrazyBamboolord the Ducker (level 2, -2/14 HPs)
             Began as a Felid Monk on May 23, 2022.
             Slain by a gnoll
             ... wielding a +0 flail
              (6 damage)
             ... on level 1 of the Dungeon.
             The game lasted 00:01:08 (1138 turns).

CrazyBamboolord the Ducker (Felid Monk)             Turns: 1138, Time: 00:01:08

Health: -2/14      AC:  1    Str:  7    XL:     2   Next: 86%
Magic:  3/3        EV: 19    Int: 11    God:
Gold:   81         SH:  0    Dex: 18    Spells: 1/1 levels left
                                        Lives:  0   Deaths: 0

rFire   . . .      SeeInvis +     - Unarmed
rCold   . . .      Faith    .   (shield unavailable)
rNeg    . . .      Spirit   .   (body armour unavailable)
rPois   .          Reflect  .   (helmet unavailable)
rElec   .          Harm     .   (cloak unavailable)
rCorr   +          Rampage  .   (gloves unavailable)
Will    .....                   (boots unavailable)
Stlth   ++........              (no amulet)
HPRegen 0.04/turn               c - ring of resist corrosion
MPRegen 0.08/turn               (no ring)

@: quick
A: very small, claws 1, fangs 3, see invisible, speed 1, shaggy fur 1, stealthy
paws, no weapons or thrown items, no armour, multi-lived
a: no special abilities


You were on level 1 of the Dungeon.
You visited 1 branch of the dungeon, and saw 2 of its levels.

You collected 81 gold pieces.

Inventory:

Jewellery
 c - a ring of resist corrosion (left paw)
Scrolls
 d - a scroll of magic mapping {unknown}
Potions
 a - a potion of ambrosia
 b - 2 potions of invisibility {unknown}


   Skills:
 * Level 3.3 Fighting
 * Level 4.5 Dodging
 - Level 2.6 Stealth
 * Level 3.4 Unarmed Combat


You had one spell level left.
You didn't know any spells.
Your spell library contained the following spells:

 Spells                   Type           Power      Damage    Failure   Level
 Foxfire                  Conj/Fire      0%         2x1d4     34%         1
 Conjure Flame            Conj/Fire      0%         6-21      71%         3
 Inner Flame              Hex/Fire       0%         N/A       71%         3
 Flame Wave               Conj/Fire      0%         2d4       98%         4


Dungeon Overview and Level Annotations

Branches:
Dungeon (2/15)

Altars:


Innate Abilities, Weirdness & Mutations

You have sharp claws.
You have razor-sharp teeth.
You have supernaturally acute eyesight. (SInv)
You cover ground quickly. (Speed+)
You are covered in fur. (AC +1)
Your paws help you pounce on unaware monsters.
You are incapable of wielding weapons or throwing items.
You cannot wear armour.
You gain extra lives every three experience levels.


Message History

You scratch the gnoll but do no damage. The gnoll closely misses you.
You scratch the gnoll.
The gnoll is moderately wounded.
The gnoll closely misses you.
You scratch the gnoll. You bite the gnoll.
The gnoll is almost dead.
The gnoll closely misses you.
You scratch the gnoll.
You kill the gnoll!
You scratch the gnoll.
The gnoll is moderately wounded.
The gnoll completely misses you.
You closely miss the gnoll.
The gnoll is moderately wounded.
You completely miss the gnoll.
The gnoll is moderately wounded.
The gnoll hits you with a +0 flail.
* * * LOW HITPOINT WARNING * * *
There is an open door here.
You close the door.
You start resting.
A gnoll is nearby!
There is an open door here.
You scratch the gnoll. You bite the gnoll.
The gnoll is severely wounded.
The gnoll completely misses you.
You closely miss the gnoll.
The gnoll is severely wounded.
The gnoll completely misses you.
You closely miss the gnoll. You bite the gnoll, but do no damage.
The gnoll is severely wounded.
The gnoll hits you with a +0 flail.
* * * LOW HITPOINT WARNING * * *
You closely miss the gnoll.
The gnoll is severely wounded.
The gnoll completely misses you.
You scratch the gnoll.
The gnoll is severely wounded.
The gnoll hits you with a +0 flail.
You die...

....#....#...###.#...#...#....##.
..###...##.#####.#.###.#.##...##.
#.# #..'##.####..#.....#..#'..##.
#.# #g.#......#.##.######..#..##.
..# #.#######.#..#.##...#####....
..###.# #...#.##'#'##.#.#...#..#.
......###.#.#.##...##.#.#.#.#..#.
......+.#.#.#..'.<.'..#.#.#.'..#.
......#.#.#.#.##@..##.#.#.###..##
..###.#...#.#.##g#'##.#....##..#
..# #.#####...##.#..#.####.##..#
#.# #..#..######.##.#....#.#..##
#.# #..'#..#.....#..####.##'..#
..###...##.#.#####.#####.##...#
####.....#...#.....###...#....###
## #.....#####.###.##..###.......
.###.......##..##..##.##......###


You could see a gnoll.

Vanquished Creatures
  A gnoll (D:1)
  A ball python (D:1)
  2 endoplasms (D:1)
  2 goblins (D:1)
  A hobgoblin (D:1)
  2 jackals (D:1)
  2 quokkas (D:1)
  A kobold (D:1)
  2 rats (D:1)
14 creatures vanquished.

Notes
Turn   | Place    | Note
-------+----------+-------------------------------------------
     0 | D:1      | CrazyBamboolord the Felid Monk began the quest for the Orb.
     0 | D:1      | Reached XP level 1. HP: 10/10 MP: 2/2
   284 | D:1      | Reached XP level 2. HP: 11/14 MP: 3/3
  1138 | D:1      | Slain by a gnoll

Illustrated notes

Levels and vault maps discovered:
D:1:      nicolae_arrival_somewhat_less_tricky_arrival, layout_loops_cross,
          minmay_octomino_j4
D:2:      layout_basic, ebering_ecumenical_altar_box, basic_altar, uniq_terence

Action                   || total
-------------------------++-------
Melee: Unarmed           ||    47
       Bite              ||     7
       Punch             ||     1
 Stab: Sleeping          ||     3
Armor: Skin              ||     1
Dodge: Dodged            ||    33

Table legend: (Time is in decaauts)
 A = Elapsed time spent in this place.
 B = Non-inter-level travel time spent in this place.
 C = Inter-level travel time spent in this place.
 D = Time resting spent in this place.
 E = Time spent auto-exploring this place.
 F = Levels seen in this place.
 G = Mean time per level.
                   A        B        C        D        E       F      G
               +--------+--------+--------+--------+--------+-----+--------+
         Total |    981 |    945 |     36 |    150 |    676 |   2 |  490.5 |
       Dungeon |    981 |    945 |     36 |    150 |    676 |   2 |  490.5 |
               +--------+--------+--------+--------+--------+-----+--------+

Top non-repeatable levels by time:
     D:1: 979 daAuts
     D:2: 1 daAuts
